 Dungeon Sprint DCSS version 0.16.2-2-g470672f (webtiles) character file.

711 cmyster the Unseen (level 7, 25/37 HPs)
             Began as a Spriggan Assassin on Aug 19, 2015.
             Was a Follower of Dithmenos.
             Got out of the dungeon alive.
             The game lasted 00:03:35 (377 turns).

cmyster the Unseen (Spriggan Assassin)               Turns: 377, Time: 00:03:35

Health: 25/37      AC:  3    Str:  7    XL:     7   Next: 40%
Magic:  14/14      EV: 21    Int: 12    God:    Dithmenos [*.....]
Gold:   428        SH:  0    Dex: 20    Spells: 0 memorised, 6 levels left

rFire  . . .     SeeInvis +     b - +0 blowgun
rCold  . . .     Clarity  .     c - +0 robe
rNeg   . . .     SustAb   .     (shield restricted)
rPois  .         Gourm    .     (helmet restricted)
rElec  .         Spirit   .     d - +0 cloak
rCorr  .         Warding  .     (gloves unavailable)
rMut   .         NoTele   +     (boots unavailable)
MR     +....                    (no amulet)
Stlth  +++++++++.               (no ring)
                                (no ring)

@: wreathed by umbra, very quick, somewhat resistant to hostile enchantments,
incredibly stealthy
A: unfitting armour, see invisible, herbivore 3, speed 3, slow metabolism 2
a: Renounce Religion


You escaped.
You worshipped Dithmenos.
Dithmenos was aware of your devotion.
You were not hungry.

You visited 1 branch You collected 428 gold pieces.

Inventory:

Hand weapons
 a - a +2 dagger
 b - a +0 blowgun (weapon)
Missiles
 e - 8 poisoned needles
 f - 6 curare-tipped needles (quivered)
Armour
 c - a +0 robe (worn)
 d - a +0 cloak (worn)
Scrolls
 m - a scroll of blinking
Potions
 i - a potion of heal wounds
 j - a potion of haste
 k - 2 potions of magic
 l - a potion of berserk rage
Comestibles
 g - a bread ration


   Skills:
 + Level 4.2 Fighting
 + Level 5.7 Short Blades
 + Level 5.7 Throwing
 + Level 4.6 Dodging
 + Level 19.5 Stealth


You had 6 spell levels left.
You didn't know any spells.

Dungeon Overview and Level Annotations

Branches:
Dungeon (1/1)

Altars:
Cheibriados
Dithmenos
Elyvilon
Fedhas
Gozag
Kikubaaqudgha
Makhleb
Nemelex Xobeh
Okawaru
Qazlal
Ru
Sif Muna
Trog
Vehumet
Xom
Yredelemnul
Zin
The Shining One
Jiyva

Shops:
D **


Innate Abilities, Weirdness & Mutations

You are tiny and cannot use many weapons and most armour.
You have supernaturally acute eyesight.
You are a herbivore.
You cover ground extremely quickly.
You need consume almost no food.


Message History

Press ? for a list of commands and other information.
Unknown command.
There is an open door, spattered with blood here.
There is an open door, spattered with blood here.
There is a deep blue altar of Sif Muna here.
The deep troll is no longer moving slowly.
There is an open door here.
The deep troll looks more healthy.
There is an open door here.
Things that are here:
a robe; a scythe; the human corpse of Sigmund
There is an open door here.
You see here a giant club.
There is an open door here.
Things that are here:
a glowing ring mail; a dagger; the goblin skeleton of Ijyb
There is an open door here.
There is a staircase leading out of the dungeon here.
Are you sure you want to leave the Dungeon?
This will make you lose the game!
You have escaped!

##################
#@.#.['T.#.['..#__
#..'T.#.)'..#..'^.
#..#####'#####'#__
#..####..#...#.###
#..#__####..##.#§≈
#..#_..__##'#..+§§
#⌠⌠#_.∩...'..._#§§
####_..._##_.#+##+
#_____###'#


You could see a deep troll.

Vanquished Creatures
  Sonja (D)
  A slime creature (D)
  A yak (D)
  Sigmund (D)
  An ogre (D)
  A jelly (D)
  Ijyb (D)
7 creatures vanquished.

Notes
Turn   | Place    | Note
--------------------------------------------------------------
     0 | D        | cmyster, the Spriggan Assassin, began the quest for the Orb.
     0 | D        | Reached XP level 1. HP: 10/10 MP: 2/2
     2 | D        | Noticed Ijyb
    18 | D        | Killed Ijyb
    18 | D        | Reached skill level 9 in Stealth
    18 | D        | Reached XP level 2. HP: 12/15 MP: 4/4
    21 | D        | Noticed an ogre
    24 | D        | Killed an ogre
    24 | D        | Reached skill level 12 in Stealth
    24 | D        | Reached XP level 3. HP: 14/19 MP: 6/6
    24 | D        | Reached XP level 4. HP: 16/23 MP: 8/8
   119 | D        | Noticed Sigmund
   122 | D        | Killed Sigmund
   122 | D        | Reached skill level 14 in Stealth
   122 | D        | Reached XP level 5. HP: 26/28 MP: 10/10
   153 | D        | Found a snail-covered altar of Cheibriados.
   153 | D        | Found a viscous altar of Jiyva.
   153 | D        | Found a shadowy altar of Dithmenos.
   153 | D        | Found a blossoming altar of Fedhas.
   153 | D        | Noticed a slime creature
   156 | D        | Killed a slime creature
   156 | D        | Reached skill level 16 in Stealth
   156 | D        | Reached XP level 6. HP: 31/33 MP: 12/12
   161 | D        | Became a worshipper of Dithmenos the Shadowed
   167 | D        | Found a deep blue altar of Sif Muna.
   168 | D        | Noticed a jelly
   169 | D        | Found a radiant altar of Vehumet.
   175 | D        | Killed a jelly
   175 | D        | Reached skill level 17 in Stealth
   180 | D        | Noticed a centaur warrior
   185 | D        | Noticed a centaur warrior
   207 | D        | Found Innacuwno's General Store.
   207 | D        | Found a white marble altar of Elyvilon.
   207 | D        | Found a stormy altar of Qazlal.
   207 | D        | Found a burning altar of Makhleb.
   207 | D        | Found a sacrificial altar of Ru.
   207 | D        | Found a basalt altar of Yredelemnul.
   207 | D        | Found a glowing golden altar of the Shining One.
   207 | D        | Found a sparkling altar of Nemelex Xobeh.
   207 | D        | Found a shimmering altar of Xom.
   207 | D        | Found an opulent altar of Gozag.
   207 | D        | Found an ancient bone altar of Kikubaaqudgha.
   207 | D        | Found a glowing silver altar of Zin.
   207 | D        | Noticed a yak
   261 | D        | Killed a yak
   261 | D        | Reached skill level 5 in Short Blades
   261 | D        | Reached skill level 5 in Throwing
   261 | D        | Reached skill level 18 in Stealth
   286 | D        | Found an iron altar of Okawaru.
   287 | D        | Found a bloodstained altar of Trog.
   299 | D        | Noticed Sonja
   303 | D        | Killed Sonja
   303 | D        | Reached skill level 19 in Stealth
   303 | D        | Reached XP level 7. HP: 37/37 MP: 14/14
   320 | D        | Found Theohas' General Store.
   329 | D        | Noticed a deep troll
   377 | D        | Got out of the dungeon alive.

Action                   |  1- 3 |  4- 6 |  7- 9 || total
-------------------------+-------+-------+-------++-------
Melee: Dagger            |    15 |    10 |     1 ||    26
 Fire: Blowgun           |       |     3 |     1 ||     4
  Use: Potion            |       |       |     1 ||     1
 Stab: Sleeping          |     2 |     4 |       ||     6
